 Dungeon Sprint DCSS version 0.29-a0-512-gf59ac788ac (webtiles) character file.

Game seed: 17870564203298878626

9566 mhtbhm the Impaler (level 11, -5/98 HPs)
             Began as a Formicid Fighter on May 29, 2022.
             Was an Initiate of Gozag.
             Slain by a sun demon (15 damage)
             ... summoned by Frances
             ... in the Dungeon (Sprint III: "The Ten Rune Challenge").
             The game lasted 00:09:26 (4167 turns).

mhtbhm the Impaler (Formicid Fighter)               Turns: 4167, Time: 00:09:28

Health: -5/98      AC: 23    Str: 24    XL:     11   Next: 76%
Magic:  11/11      EV: 10    Int:  9    God:    Gozag
Gold:   4391       SH:  7    Dex: 10    Spells: 7/10 levels left

rFire   + . .      SeeInvis +   a - +0 trident
rCold   + . .      Faith    .   c - +0 buckler
rNeg    . . .      Spirit   .   b - +8 chain mail "Balebi" {rElec Will- Regen+}
rPois   +          Reflect  .   (helmet unavailable)
rElec   +          Harm     .   d - +1 cloak
rCorr   +          Rampage  .   (no gloves)
Will    .....                   (no boots)
Stlth   ..........              (no amulet)
HPRegen 1.06/turn               (no ring)
MPRegen 0.12/turn               (no ring)

@: mighty, brilliant, resistant, invisible
A: permanent stasis, dig shafts and tunnels, antennae 3, four strong arms,
poison resistance
a: Dig, Renounce Religion, Potion Petition, Call Merchant, Bribe Branch


You were in the Dungeon.
You worshipped Gozag.
Gozag was most pleased with you.
You visited 1 branch You collected 7793 gold pieces.
You spent 1170 gold pieces at shops.
You paid 2232 gold pieces to Gozag.

Inventory:

Hand Weapons
 a - a +0 trident (weapon)
Missiles
 n - 6 javelins
Armour
 b - the +8 chain mail "Balebi" (worn) {rElec Will- Regen+}
   (You bought it in a shop in the Dungeon)

   rElec:     It insulates you from electricity.
   Regen:     It increases your rate of health regeneration.
   Will:      It decreases your willpower.
 c - a +0 buckler (worn)
 d - a +1 cloak (worn)
Wands
 f - a wand of iceblast (1)
Scrolls
 i - a scroll of immolation {unknown}
 j - 3 scrolls of identify
 l - a scroll of torment {unknown}
Potions
 g - 2 potions of magic
 k - 3 potions of flight
 m - a potion of degeneration {unknown}
Miscellaneous
 h - a lightning rod (inert)


   Skills:
 + Level 13.6 Fighting
 + Level 15.4 Polearms
 + Level 12.6 Armour
 + Level 7.0 Dodging
 + Level 4.9 Stealth
 + Level 13.5 Shields
 + Level 12.0 Evocations


You had 7 spell levels left.
You knew the following spells:

 Your Spells              Type           Power      Damage    Failure   Level
a - Mephitic Cloud        Conj/Pois/Air  0%         N/A       100%        3

Your spell library contained the following spells:

 Spells                   Type           Power      Damage    Failure   Level
 Ignite Poison            Fire/Tmut/Pois 0%         N/A       100%        3
 Airstrike                Air            0%         N/A       100%        4
 Animate Armour           Summ/Erth      0%         N/A       100%        4
 Freezing Cloud           Conj/Ice/Air   0%         6-21      100%        5


Dungeon Overview and Level Annotations

Branches:
Dungeon (1/1)

Altars:
Cheibriados
Dithmenos
Elyvilon
Fedhas
Gozag
Hepliaklqana
Kikubaaqudgha
Makhleb
Nemelex Xobeh
Qazlal
Ru
Sif Muna
Vehumet
Xom
Yredelemnul
Zin
The Shining One
Jiyva
Lugonu

Shops:
D [[

Annotations:
D Donald, Frances


Innate Abilities, Weirdness & Mutations

You cannot be hasted, slowed, berserked, paralysed or teleported.
You can dig through walls and to a lower floor.
You have a pair of large antennae on your head. (SInv)
Your four strong arms can wield two-handed weapons with a shield.
Your system is resistant to poisons. (rPois)


Message History

The hellwing disappears in a puff of smoke!
The sun demon hits you!
You are engulfed in flames.
You resist. You block the orange demon's attack.
Frances mutters in a terrible tongue.
The shard of ice hits you!! You partially resist.
Unknown command.
You closely miss Frances.
Frances is heavily wounded.
Donald hits you with a +2 war axe of holy wrath.
* * * LOW HITPOINT WARNING * * *
You block the sun demon's attack. You block the orange demon's attack.
Unknown command.
Unknown command.
Press: ? - help, v - describe, . - travel
Here: Donald, wielding a +2 war axe of holy wrath, wearing a +0 scale mail and wearing a +2 kite shield of reflection (moderately wounded, fast, strong)
An open door to the Lair of Beasts, spattered with blood.
Unknown command.
Okay, then. [a] - 290 gold - resistance [b] - 676 gold - heal wounds, curing, resistance and invisibility [c] - 261 gold - heal wounds and brilliance Purchase which effect?
You feel much better.
You feel better.
You feel protected.
You fade into invisibility!
Frances hits you with a +2 war axe of holy wrath!!
* * * LOW HITPOINT WARNING * * *
Donald misses you.
The sun demon hits you but does no damage.
Frances whispers indecipherable words.
The shard of ice misses you.
The shard of ice hits the plant!
The plant begins to die.
You block the orange demon's attack. Donald barely misses you.
Unknown command.
You barely miss Frances.
Frances is heavily wounded.
Frances hits you with a +2 war axe of holy wrath!
* * * LOW HITPOINT WARNING * * *
The sun demon hits you!
You die...
Your body crumbles into a pile of gold.

##'#.#.......#
..)#'###########################
...#....#.#.#.....#......'...≈≈#{
...##.#).#.##.###)#^.....#...≈≈##
...'##.#.#.##.#..##...^.^#...≈≈≈≈
...#.).#..#..##.)'....^..#...≈≈≈≈
▓▓▓▓▓▓▓▓▓▓▓▓▓▓▓▓▓#...^^..#.......
≈≈≈........≈≈≈.3@#.[....^#.......
♣≈≈≈≈≈≈≈≈≈≈≈≈♣♣.@@4∩.^^.^#.......
♣♣♣♣♣♣♣♣♣♣♣♣♣♣♣PP#4......########
♣ ♣♣♣##'###### ♣♣♣♣♣ ...+ ##..##
{ {{#...# #.##.# { {{#...#
.##.##+ ##### { .##.).# { $ {
#.##..#


You could see Frances (fast), Donald (fast, strong, can't see you), a sun demon
(summoned, can't see you), an orange demon (summoned, can't see you) and an ice
devil (summoned, can't see you).

Vanquished Creatures
  Erolcha (D)
  An orc high priest (D)
  Urug (D)
  A lindwurm (D)
  A deep elf pyromancer (D)
  2 cane toads (D)
  A rime drake (D)
  A komodo dragon (D)
  A queen bee (D)
  3 wandering mushrooms (D)
  2 tyrant leeches (D)
  5 blink frogs (D)
  A shadow (D)
  5 redbacks (D)
  A spatial vortex (D)
  A swamp drake (D)
  2 orc warriors (D)
  5 two-headed ogres (D)
  A necrophage (D)
  A water elemental (D)
  32 killer bees (D)
  4 orc priests (D)
  Crazy Yiuf (D)
  A jelly (D)
  Jessica (D)
  A wizard (D)
  A necromancer (D)
  An orc wizard (D)
  A human (D)
  A kobold demonologist (D)
  10 orcs (D)
  3 rats (D)
94 creatures vanquished.

Vanquished Creatures (others)
  A plant (D)
1 creature vanquished.

Grand Total: 95 creatures vanquished

Notes
Turn   | Place    | Note
-------+----------+-------------------------------------------
     0 | D        | mhtbhm the Formicid Fighter began the quest for the Orb.
     0 | D        | Reached XP level 1. HP: 18/18 MP: 1/1
    21 | D        | Noticed Jessica
    29 | D        | Killed Jessica
    30 | D        | Reached skill level 5 in Shields
    30 | D        | Reached XP level 2. HP: 15/26 MP: 2/2
    30 | D        | Reached XP level 3. HP: 19/32 MP: 3/3
   187 | D        | Gained mutation: Your body sometimes deteriorates upon
                  | taking damage. [potion of mutation]
   188 | D        | Lost mutation: Your body sometimes deteriorates upon taking
                  | damage. [potion of mutation]
   188 | D        | Gained mutation: You are weak. (Str -2) [potion of
                  | mutation]
   188 | D        | Gained mutation: You have large cloven feet. [potion of
                  | mutation]
   189 | D        | Lost mutation: You are weak. (Str -2) [potion of mutation]
   189 | D        | Lost mutation: You have large cloven feet. [potion of
                  | mutation]
   189 | D        | Gained mutation: Your system is resistant to poisons.
                  | (rPois) [potion of mutation]
   192 | D        | Noticed Crazy Yiuf
   209 | D        | Killed Crazy Yiuf
   210 | D        | Reached skill level 5 in Fighting
   210 | D        | Reached skill level 3 in Polearms
   210 | D        | Reached skill level 5 in Armour
   210 | D        | Reached XP level 4. HP: 20/39 MP: 4/4
   236 | D        | Noticed a water elemental
   239 | D        | HP: 2/40 [water elemental (8)]
   241 | D        | Killed a water elemental
   242 | D        | Reached skill level 4 in Polearms
   242 | D        | Reached XP level 5. HP: 3/47 MP: 5/5
   534 | D        | Found a basalt altar of Yredelemnul.
   534 | D        | Found a shadowy altar of Dithmenos.
   534 | D        | Found a sacrificial altar of Ru.
   545 | D        | Reached skill level 5 in Polearms
   549 | D        | Reached skill level 6 in Polearms
   549 | D        | Reached XP level 6. HP: 42/55 MP: 6/6
   624 | D        | Noticed a shadow
   636 | D        | Killed a shadow
   637 | D        | Reached skill level 7 in Polearms
   637 | D        | Reached XP level 7. HP: 46/63 MP: 7/7
   779 | D        | Found a blossoming altar of Fedhas.
   779 | D        | Found a stormy altar of Qazlal.
   779 | D        | Found a snail-covered altar of Cheibriados.
   779 | D        | Found a burning altar of Makhleb.
   779 | D        | Found a shimmering altar of Xom.
   780 | D        | Found a hazy altar of Hepliaklqana.
   780 | D        | Found an opulent altar of Gozag.
   780 | D        | Found a sparkling altar of Nemelex Xobeh.
   780 | D        | Found a corrupted altar of Lugonu.
   780 | D        | Found a viscous altar of Jiyva.
   780 | D        | Noticed a spatial vortex
   795 | D        | Killed a spatial vortex
   796 | D        | Reached skill level 8 in Polearms
   796 | D        | Reached skill level 1 in Dodging
   797 | D        | Became a worshipper of Gozag Ym Sagoz the Greedy
   828 | D        | Found a radiant altar of Vehumet.
   828 | D        | Found a shimmering blue altar of Sif Muna.
   828 | D        | Found an ancient bone altar of Kikubaaqudgha.
   831 | D        | Noticed a neqoxec
   840 | D        | Noticed a rust devil
   841 | D        | Noticed a ynoxinul
   849 | D        | HP: 2/64 [ynoxinul[a kobold demonologist] (6)]
   980 | D        | Got the Catalogue of Feathery Creation
  1147 | D        | Learned a level 3 spell: Mephitic Cloud
  1164 | D        | Found a glowing silver altar of Zin.
  1164 | D        | Found a glowing golden altar of the Shining One.
  1164 | D        | Found a white marble altar of Elyvilon.
  1164 | D        | Noticed a deep elf pyromancer
  1166 | D        | Noticed a fire elemental
  1166 | D        | Noticed a fire elemental
  1169 | D        | Killed a deep elf pyromancer
  1170 | D        | Reached skill level 10 in Fighting
  1170 | D        | Reached skill level 10 in Polearms
  1170 | D        | Reached XP level 8. HP: 72/72 MP: 8/8
  1218 | D        | Reached skill level 10 in Shields
  1219 | D        | Reached skill level 1 in Stealth
  1231 | D        | Noticed a two-headed ogre
  1249 | D        | Killed a two-headed ogre
  1250 | D        | Reached skill level 11 in Polearms
  1250 | D        | Reached skill level 10 in Armour
  1250 | D        | Reached XP level 9. HP: 71/79 MP: 9/9
  1301 | D        | Found Nosem's Armour Emporium.
  1301 | D        | Noticed an orc high priest
  1318 | D        | Noticed a sixfirhy
  1318 | D        | Noticed an ice devil
  1321 | D        | Killed an orc high priest
  1322 | D        | Reached skill level 12 in Polearms
  1503 | D        | Noticed Erolcha
  1503 | D        | Noticed a two-headed ogre
  1507 | D        | Killed a two-headed ogre
  1508 | D        | Reached XP level 10. HP: 78/88 MP: 10/10
  1508 | D        | Killed Erolcha
  1509 | D        | Reached skill level 13 in Polearms
  1509 | D        | Reached skill level 5 in Dodging
  1983 | D        | Reached skill level 14 in Polearms
  1985 | D        | Reached skill level 10 in Evocations
  1986 | D        | Reached XP level 11. HP: 94/96 MP: 11/11
  2557 | D        | Reached skill level 15 in Polearms
  3495 | D        | Noticed a lindwurm
  3505 | D        | Killed a lindwurm
  3831 | D        | Noticed Urug
  3836 | D        | Killed Urug
  4135 | D        | Bought a bloodstained chain mail for 285 gold pieces
  4135 | D        | Identified the +8 chain mail "Balebi" {rElec Will- Regen+}
                  | (You bought it in a shop in the Dungeon)
  4138 | D        | Bought a fine chain mail for 285 gold pieces
  4138 | D        | Identified the +4 chain mail "Dosuil" {+Inv Will++} (You
                  | bought it in a shop in the Dungeon)
  4139 | D        | Bought a bronze troll leather armour for 600 gold pieces
  4139 | D        | Identified the +1 troll leather armour of Shadows and Fog
                  | {Regen+ SInv} (You bought it in a shop in the Dungeon)
  4149 | D        | Noticed Donald
  4149 | D        | Noticed Frances
  4163 | D        | Noticed a sun demon
  4167 | D        | Slain by a sun demon

Illustrated notes

Levels and vault maps discovered:
D:        dungeon_sprint_mu [sprint_mu_entry_cave, sprint_mu_temple_rooms,
          sprint_mu_d1_spiders, sprint_mu_d2_genie, sprint_mu_d3_branching,
          sprint_mu_orc_legion, sprint_mu_elf_gauntlet, sprint_mu_hive_nellie,
          sprint_mu_lair_fedhas, sprint_mu_vaults_butterflies,
          sprint_mu_slime_circle, sprint_mu_shoals_kraken,
          sprint_mu_snake_twists, sprint_mu_blade_basic,
          sprint_mu_crypt_fortress, sprint_mu_tomb_spiral,
          sprint_mu_vestibule_basic, sprint_mu_gehenna_hellfire,
          sprint_mu_dis_giant, sprint_mu_tartarus_statrot,
          sprint_mu_cocytus_islands, sprint_mu_zot1]

Skill      XL: |  1  2  3  4  5  6  7  8  9 10 11 |
---------------+----------------------------------+-----
Fighting       | 4 5 6 7 8 10 11 12 13 | 13.6
Armour         | 4 5 6 7 8 9 10 11 12 | 12.6
Shields        | 5 6 7 8 9 10 11 12 13 | 13.5
Polearms       | 3 4 6 7 10 11 12 14 15 | 15.4
Dodging        | 2 3 4 5 7 |  7.0
Evocations     | 2 3 6 10 12 | 12.0
Stealth        | 1 2 4 |  4.9

Action                   |  1- 3 |  4- 6 |  7- 9 | 10-12 || total
-------------------------+-------+-------+-------+-------++-------
Melee: Trident           |    22 |    37 |    49 |   191 ||   299
Invok: Potion Petition   |       |       |       |     3 ||     3
       Call Merchant     |       |       |       |     1 ||     1
 Abil: Dig               |     1 |       |     3 |       ||     4
Evoke: Lightning rod     |       |       |    20 |    25 ||    45
       Wand              |       |       |     5 |       ||     5
  Use: Potion            |     5 |       |     1 |     1 ||     7
 Stab: Distracted        |       |       |     1 |       ||     1
       Sleeping          |       |       |       |     1 ||     1
Armor: Scale mail        |     9 |     5 |    23 |    24 ||    61
       Chain mail        |       |       |       |     8 ||     8
Dodge: Dodged            |     7 |    11 |    23 |    62 ||   103
Block: Buckler           |     5 |     9 |    25 |    45 ||    84

Table legend: (Time is in decaauts)
 A = Elapsed time spent in this place.
 B = Non-inter-level travel time spent in this place.
 C = Inter-level travel time spent in this place.
 D = Time resting spent in this place.
 E = Time spent auto-exploring this place.
 F = Levels seen in this place.
 G = Mean time per level.
                   A        B        C        D        E       F      G
               +--------+--------+--------+--------+--------+-----+--------+
         Total |   4122 |   4122 |      0 |   3064 |     13 |   1 | 4122.0 |
       Dungeon |   4122 |   4122 |      0 |   3064 |     13 |   1 | 4122.0 |
               +--------+--------+--------+--------+--------+-----+--------+

Top non-repeatable levels by time:
       D: 4122 daAuts
